 Dungeon Sprint DCSS version 0.22.1-2-g9c5b331 (webtiles) character file.

37032 diana the Minotaur Blade (level 13, 0/129 (130) HPs)
             Began as a Minotaur Fighter on Dec 25, 2018.
             Was an Initiate of Gozag.
             Succumbed to poison (dark miasma)
             ... in the Dungeon (Sprint II: "The Violet Keep of Menkaure").
             The game lasted 00:28:14 (6048 turns).

diana the Minotaur Blade (Minotaur Fighter)         Turns: 6048, Time: 00:28:15

HP:   0/129 (130)   AC: 36    Str: 36    XL:     13   Next: 56%
MP:   21/21         EV: 23    Int: 10    God:    Gozag
Gold: 5295          SH:  0    Dex: 18    Spells: 12/12 levels left

rFire    . . .     SeeInvis .   z - +4 triple sword (flame)
rCold    + . .     Gourm    .   (shield currently unavailable)
rNeg     . . .     Faith    .   J - +13 plate armour of the Armoured One {rElec Int+5 Slay-6}
rPois    .         Spirit   .   (helmet restricted)
rElec    +         Reflect  +   l - +2 cloak of Wu Jian's Supremacy {Str+7 Dex+2}
rCorr    .         Harm     .   (no gloves)
MR       .....     NoTele   +   (no boots)
Stlth    ..........             m - +3 amulet of reflection
HPRegen  0.00/turn              w - ring "Pyasm" {rC+ MP+9 Slay+3}
MPRegen  0.17/turn              x - +5 ring of strength

@: confused, lethally poisoned (0 -> -91), non-regenerating, diseased
A: retaliatory headbutt, claws 1, horns 2, large bone plates 1, slimy green
scales 1, agile 1, blink, inhibited regeneration, strong 1, no potion heal 1,
subdued magic 1
a: Blink, Potion Petition, Call Merchant, Bribe Branch, Renounce Religion


You were in the Dungeon.
You worshipped Gozag.
Gozag was greatly pleased with you.
You were not hungry.

You visited 1 branch You collected 11247 gold pieces.
You spent 3422 gold pieces at shops.
You paid 2530 gold pieces to Gozag.

Inventory:

Hand Weapons
 a - a +0 long sword
 z - a +4 triple sword of flaming (weapon)
Armour
 l - the +2 cloak of Wu Jian's Supremacy (worn) {Str+7 Dex+2}
   (You bought it in a shop in the Dungeon)

   It affects your strength (+7).
   It affects your dexterity (+2).
 C - a +3 ring mail
 J - the +13 plate armour of the Armoured One (worn) {rElec Int+5 Slay-6}
   (You found it in the Dungeon)

   It affects your intelligence (+5).
   It affects your accuracy and damage with ranged weapons and melee attacks
   (-6).
   It insulates you from electricity.
Jewellery
 g - an uncursed ring of protection from cold
 j - an uncursed ring of positive energy
 m - a +3 amulet of reflection (around neck)
 r - an uncursed ring of see invisible
 w - the ring "Pyasm" (left claw) {rC+ MP+9 Slay+3}
   (You bought it in a shop in the Dungeon)

   [ring of protection from cold]

   It affects your accuracy and damage with ranged weapons and melee attacks
   (+3).
   It protects you from cold.
   It affects your magic capacity (+9).
 x - a +5 ring of strength (right claw)
Scrolls
 k - 3 scrolls of amnesia {unknown}
 p - a scroll of remove curse
 t - a scroll of fear {unknown}
 v - 4 scrolls of fog
 y - a scroll of immolation {unknown}
 B - a scroll of enchant armour {unknown}
 D - 3 scrolls of identify
 E - a scroll of random uselessness {unknown}
 F - a scroll of blinking
 I - a scroll of acquirement
Potions
 d - a potion of degeneration
 e - a potion of lignification
 h - 3 potions of haste
 i - 6 potions of magic
 o - 2 potions of invisibility
 q - 2 potions of resistance
 u - 9 potions of flight
 A - a potion of agility
Comestibles
 f - 4 rations


   Skills:
 + Level 16.7 Fighting
 * Level 21.8 Long Blades
 + Level 16.6 Armour
 * Level 20.2 Dodging
   Level 16.4 Shields


You had 12 spell levels left.
You didn't know any spells.
Your spell library contained the following spells:

 Spells                   Type           Power        Failure   Level  Hunger
 Mephitic Cloud           Conj/Pois/Air  #.......     99%         3    ####...
 Stone Arrow              Conj/Erth      #.....       99%         3    ####...
 Lightning Bolt           Conj/Air       #.........   100%        5    ######.
 Disjunction              Tloc           #.........   100%        8    #######


Dungeon Overview and Level Annotations

Branches:
Dungeon (1/1)

Altars:
Cheibriados
Dithmenos
Elyvilon
Fedhas
Gozag
Hepliaklqana
Kikubaaqudgha
Makhleb
Nemelex Xobeh
Okawaru
Qazlal
Ru
Sif Muna
Trog
Uskayaw
Vehumet
Wu Jian
Xom
Yredelemnul
Zin
The Shining One
Beogh
Jiyva
Lugonu

Shops:
D (?[:*(*:*([[=?=(*}!:*((*!*}=%

Annotations:
D exclusion: oklob plant, Gloorx Vloq


Innate Abilities, Weirdness & Mutations

You reflexively headbutt those who attack you in melee.
You have a pair of horns on your head.
You have sharp fingernails.
You are partially covered in large bone plates. (SH +4)
You are partially covered in slimy green scales. (AC +2)
You are agile. (Dex +2)
You can translocate small distances at will.
You do not regenerate when monsters are visible.
Your muscles are strong. (Str +2)
Potions are less effective at restoring your health.
Your spells are a little easier to cast, but a little less powerful.


Message History

You are engulfed in a cloud of spores!
The wandering mushroom completely misses you.
The wandering mushroom is engulfed in dark miasma.
The wandering mushroom releases spores at you but does no damage.
The deathcap completely misses you.
You open the wandering mushroom like a pillowcase!!!
You burn the wandering mushroom.
You destroy the wandering mushroom!
* * * LOW HITPOINT WARNING * * *
You feel extremely sick. The deathcap closely misses you. x2
The wandering mushroom is engulfed in dark miasma.
The wandering mushroom is poisoned.
The wandering mushroom releases spores at you but does no damage.
The curse toe gestures.
You cut the deathcap into ribbons!!! You burn the deathcap!
You destroy the deathcap!
You feel yourself speed up.
You die...
Your body crumbles into a pile of gold.

###### ****** #..)|#
▓▓▓▓▓▓▓************
+,+,,###.).}##▓111..+,,,+,,**$,,,
*,***#....[...▓...WW▓,,,*,**$,*,$
#+####......[.▓,VZ1M▓,***,**$,**,
§.§..##⌠....#+▓▓*&§z▓,,,*,**,,**$
..§§..##....#.f▓▓▓f▓▓**,*$*$,,**$
.§§§...##''##.f.@fff▓0,,*,,$,$***
§§....##≈..^###f#ff§▓************
..§§,*#[≈.....#§#f.§▓≈≈≈§≈≈≈≈***,
+#+++#####(...#.##}§▓▓▓▓▓▓▓▓▓▓▓*+
[(....#..'...(#..#=§▓...(....▓▓$,
#'##..#..####.#..#[§▓.(.))..(▓▓,⌠
().##.####..'.##.#=}▓..)[..(.▓▓,,
.#..#....#..#...####▓........▓▓,,
.).####..#####..##.#▓[...)..(▓▓,,


You could see a curse toe, 3 deathcaps and 7 wandering mushrooms.

Vanquished Creatures
  A golden dragon (D)
  A bone dragon (D)
  An electric golem (D)
  2 sphinxes (D)
  A kraken (D)
  Kirke (D)
  A storm dragon (D)
  A crystal guardian (D)
  A fire dragon (D)
  A deep elf high priest (D)
  A yaktaur captain (D)
  A great orb of eyes (D)
  A centaur warrior (D)
  An ice dragon (D)
  2 hell hogs (D)
  A death yak (D)
  An iron golem (D)
  A skeletal warrior (D)
  2 unseen horrors (D)
  2 deep trolls (D)
  2 death drakes (D)
  3 manticores (D)
  3 shining eyes (D)
  An elephant (D)
  A toenail golem (D)
  A merfolk siren (D)
  A kobold demonologist (D)
  A yaktaur (D)
  A hornet (D)
  5 polar bears (D)
  12 flying skulls (D)
  2 redbacks (D)
  2 wyverns (D)
  3 yaks (D)
  4 neqoxecs (D)
  2 swamp drakes (D)
  3 black bears (D)
  5 necrophages (D)
  4 crocodiles (D)
  2 earth elementals (D)
  A scorpion (D)
  An iron imp (D)
  A spectral adder (D)
  3 worms (D)
  A spectral leopard gecko (D)
  7 tentacles (D)
96 creatures vanquished.

Vanquished Creatures (others)
  A deep elf master archer (D)
  A cacodemon (D)
  A frost giant (D)
  Menkaure (D)
  A crocodile (D)
  35 tentacles (D)
40 creatures vanquished.

Grand Total: 136 creatures vanquished

Notes
Turn   | Place    | Note
-------+----------+-------------------------------------------
     0 | D        | diana the Minotaur Fighter began the quest for the Orb.
     0 | D        | Reached XP level 1. HP: 19/19 MP: 0/0
     9 | D        | Reached skill level 3 in Long Blades
     9 | D        | Reached skill level 1 in Dodging
    12 | D        | Reached XP level 2. HP: 26/27 MP: 1/1
    22 | D        | Killed Menkaure
    22 | D        | Killed a crocodile
    24 | D        | Noticed a necrophage
    24 | D        | Noticed a necrophage
    24 | D        | Noticed a necrophage
    24 | D        | Noticed a necrophage
    29 | D        | Killed a necrophage
    29 | D        | Reached skill level 5 in Fighting
    29 | D        | Reached skill level 6 in Long Blades
    29 | D        | Reached skill level 5 in Armour
    29 | D        | Reached skill level 5 in Shields
    29 | D        | Reached XP level 3. HP: 31/36 MP: 2/2
    29 | D        | Reached XP level 4. HP: 36/42 MP: 3/3
    36 | D        | Killed a necrophage
    36 | D        | Reached skill level 7 in Long Blades
    36 | D        | Reached XP level 5. HP: 43/50 MP: 4/4
    40 | D        | Killed a necrophage
    40 | D        | Reached skill level 8 in Long Blades
    43 | D        | Killed a necrophage
    43 | D        | Reached skill level 9 in Long Blades
    43 | D        | Reached XP level 6. HP: 51/60 MP: 5/5
    91 | D        | Noticed a neqoxec
    91 | D        | Noticed a neqoxec
    91 | D        | Noticed a neqoxec
    91 | D        | Noticed a neqoxec
    91 | D        | Gained mutation: Your body sometimes deteriorates upon
                  | taking damage. [a neqoxec]
    96 | D        | Gained mutation: Your spells are a little easier to cast,
                  | but a little less powerful. [a neqoxec]
    99 | D        | Killed a neqoxec
    99 | D        | Gained mutation: Potions are less effective at restoring
                  | your health. [a neqoxec]
   103 | D        | Gained mutation: Your spells are easier to cast, but less
                  | powerful. [a neqoxec]
   110 | D        | Gained mutation: Your body often deteriorates upon taking
                  | damage. [a neqoxec]
   112 | D        | Killed a neqoxec
   112 | D        | Reached skill level 10 in Long Blades
   112 | D        | Reached XP level 7. HP: 43/67 MP: 6/6
   117 | D        | Gained mutation: You are frail. (-10% HP) [a neqoxec]
   118 | D        | Gained mutation: You are clumsy. (Dex -2) [a neqoxec]
   124 | D        | Gained mutation: Scrolls take you a little longer to read.
                  | [a neqoxec]
   126 | D        | Killed a neqoxec
   135 | D        | Killed a neqoxec
   135 | D        | Reached skill level 11 in Long Blades
   270 | D        | Noticed a merfolk siren
   280 | D        | Killed a merfolk siren
   280 | D        | Reached skill level 10 in Dodging
   280 | D        | Reached XP level 8. HP: 70/70 MP: 7/7
   298 | D        | Found Kaiquvo's Food Emporium.
   299 | D        | Found Geashiopt's Distillery.
   299 | D        | Found Epaetsak's General Store.
   300 | D        | Found Jenin's Book Emporium.
   300 | D        | Found Nibydd's Distillery.
   300 | D        | Found Usir's Jewellery Shoppe.
   300 | D        | Found Valyn's Gadget Emporium.
   301 | D        | Found Tarad's Magic Scroll Emporium.
   301 | D        | Found Cikhego's Jewellery Shoppe.
   301 | D        | Found Rochoi's Antique Weapon Emporium.
   301 | D        | Found Awevatur's Antique Armour Shoppe.
   302 | D        | Found Ruylad's General Store.
   304 | D        | Found Wuwud's Assorted Antiques.
   304 | D        | Found Fuacheuf's Book Emporium.
   304 | D        | Noticed an oklob plant
   305 | D        | Found Ydun's Antique Armour Shoppe.
   305 | D        | Found Secacey's Book Shoppe.
   308 | D        | Noticed a hippogriff
   308 | D        | Noticed a hippogriff
   309 | D        | Noticed a hippogriff
   319 | D        | Noticed an iron elemental
   324 | D        | Bought an encrusted cloak for 304 gold pieces
   329 | D        | Identified the +2 cloak of Wu Jian's Supremacy {Str+7
                  | Dex+2} (You bought it in a shop in the Dungeon)
   333 | D        | Bought a +3 amulet of reflection for 157 gold pieces
   337 | D        | Bought a potion of heal wounds for 50 gold pieces
   580 | D        | Found a stormy altar of Qazlal.
   580 | D        | Found an ornate altar of the Wu Jian Council.
   580 | D        | Found a glowing golden altar of the Shining One.
   581 | D        | Found a hazy altar of Hepliaklqana.
   581 | D        | Found a sacrificial altar of Ru.
   581 | D        | Found a shimmering altar of Xom.
   582 | D        | Found a roughly hewn altar of Beogh.
   582 | D        | Found a viscous altar of Jiyva.
   582 | D        | Found a deep blue altar of Sif Muna.
   582 | D        | Found a basalt altar of Yredelemnul.
   583 | D        | Found a snail-covered altar of Cheibriados.
   583 | D        | Found an ancient bone altar of Kikubaaqudgha.
   583 | D        | Found a bloodstained altar of Trog.
   583 | D        | Found a glowing silver altar of Zin.
   584 | D        | Found a shadowy altar of Dithmenos.
   584 | D        | Found a corrupted altar of Lugonu.
   584 | D        | Found a hide-covered altar of Uskayaw.
   585 | D        | Found a white marble altar of Elyvilon.
   585 | D        | Found a burning altar of Makhleb.
   585 | D        | Found a radiant altar of Vehumet.
   585 | D        | Noticed a polar bear
   585 | D        | Noticed a polar bear
   589 | D        | Noticed a yaktaur
   591 | D        | Noticed a hornet
   594 | D        | Killed a polar bear
   594 | D        | Reached skill level 12 in Long Blades
   594 | D        | Noticed a polar bear
   598 | D        | Killed a polar bear
   616 | D        | Killed a polar bear
   629 | D        | Killed a hornet
   629 | D        | Reached skill level 10 in Fighting
   629 | D        | Reached skill level 10 in Shields
   629 | D        | Reached XP level 9. HP: 23/76 MP: 8/8
   633 | D        | Killed a yaktaur
   633 | D        | Reached skill level 13 in Long Blades
   633 | D        | Reached skill level 10 in Armour
   634 | D        | Found a blossoming altar of Fedhas.
   827 | D        | Found an opulent altar of Gozag.
   827 | D        | Found a sparkling altar of Nemelex Xobeh.
   828 | D        | Found an iron altar of Okawaru.
   882 | D        | Became a worshipper of Gozag Ym Sagoz the Greedy
   897 | D        | Noticed a kraken
  1761 | D        | Noticed an orange crystal statue
  1784 | D        | Noticed a deep troll
  1784 | D        | Noticed a deep troll
  1798 | D        | Killed a deep troll
  1805 | D        | Killed a deep troll
  1805 | D        | Reached skill level 14 in Long Blades
  2096 | D        | Bought a potion of mutation for 80 gold pieces
  2096 | D        | Lost mutation: You are frail. (-10% HP) [potion of
                  | mutation]
  2096 | D        | Lost mutation: Your body often deteriorates upon taking
                  | damage. [potion of mutation]
  2096 | D        | Lost mutation: Scrolls take you a little longer to read.
                  | [potion of mutation]
  2096 | D        | Lost mutation: Your body sometimes deteriorates upon taking
                  | damage. [potion of mutation]
  2096 | D        | Gained mutation: You are frail. (-10% HP) [potion of
                  | mutation]
  2096 | D        | Gained mutation: Armour fits poorly on your strangely
                  | shaped body. [potion of mutation]
  2096 | D        | Gained mutation: You have sharp fingernails. [potion of
                  | mutation]
  2101 | D        | Bought the ring "Pyasm" {rC+ MP+9 Slay+3} for 635 gold
                  | pieces
  2105 | D        | Bought a +5 ring of strength for 453 gold pieces
  2249 | D        | Noticed Kirke
  2249 | D        | Noticed a skeletal warrior
  2249 | D        | Noticed a kobold demonologist
  2263 | D        | Killed Kirke
  2263 | D        | Reached skill level 15 in Long Blades
  2263 | D        | Reached XP level 10. HP: 87/87 MP: 9/9
  2263 | D        | Noticed a yaktaur captain
  2265 | D        | Noticed a centaur warrior
  2270 | D        | Killed a yaktaur captain
  2280 | D        | Killed a centaur warrior
  2299 | D        | Killed a skeletal warrior
  2299 | D        | Reached skill level 16 in Long Blades
  2307 | D        | Noticed an elephant
  2313 | D        | Killed an elephant
  2316 | D        | Reached skill level 15 in Dodging
  2316 | D        | Reached XP level 11. HP: 50/94 MP: 10/10
  2533 | D        | Noticed a fire dragon
  2548 | D        | Killed a fire dragon
  2818 | D        | Noticed a cacodemon
  2818 | D        | Noticed a storm dragon
  2818 | D        | Noticed a golden dragon
  2818 | D        | Noticed a bone dragon
  2819 | D        | Noticed a deep elf high priest
  2888 | D        | Killed a golden dragon
  2888 | D        | Reached skill level 17 in Long Blades
  2892 | D        | Killed a deep elf high priest
  2897 | D        | Noticed a death drake
  2899 | D        | Noticed a crystal guardian
  2901 | D        | Noticed a death drake
  2910 | D        | Noticed a frost giant
  2917 | D        | Killed a death drake
  2919 | D        | Killed a crystal guardian
  2920 | D        | Killed a frost giant
  2926 | D        | Killed a death drake
  2926 | D        | Reached skill level 18 in Long Blades
  2936 | D        | HP: 7/144 [poisoned by a death drake (dark miasma)]
  2941 | D        | HP: 3/144 [poisoned by a death drake (dark miasma)]
  2947 | D        | HP: 2/144 [poisoned by a death drake (dark miasma)]
  2952 | D        | HP: 2/96 [poisoned by a death drake (dark miasma)]
  2957 | D        | HP: 2/96 [poisoned by a death drake (dark miasma)]
  3328 | D        | Killed a bone dragon
  3328 | D        | Reached XP level 12. HP: 65/105 MP: 11/11
  3558 | D        | Noticed a hell hog
  3558 | D        | Noticed a hell hog
  3564 | D        | Killed a hell hog
  3566 | D        | Killed a hell hog
  3632 | D        | Noticed an ice dragon
  3640 | D        | Killed an ice dragon
  3640 | D        | Reached skill level 19 in Long Blades
  3712 | D        | Noticed a deep elf master archer
  3843 | D        | Killed a cacodemon
  3915 | D        | Killed a deep elf master archer
  3915 | D        | Reached skill level 15 in Shields
  3990 | D        | Killed a storm dragon
  3990 | D        | Reached skill level 15 in Fighting
  3990 | D        | Reached skill level 15 in Armour
  4557 | D        | Reached skill level 20 in Long Blades
  4938 | D        | Noticed a great orb of eyes
  4947 | D        | Killed a great orb of eyes
  4975 | D        | Found Igienn's Weapon Emporium.
  4975 | D        | Found Umuta's Antique Weapon Shop.
  4975 | D        | Found Benwioth's Magic Scroll Shop.
  4975 | D        | Found Jusch's General Store.
  4975 | D        | Found Banips's Armour Boutique.
  4976 | D        | Found Ceal's Weapon Shoppe.
  4976 | D        | Found Toruhy's Jewellery Boutique.
  4976 | D        | Found Noheh's Assorted Antiques.
  4976 | D        | Found Ycwoone's Assorted Antiques.
  4976 | D        | Found Zaabotal's Weapon Emporium.
  4976 | D        | Found Jolapn's Antique Weapon Shop.
  4976 | D        | Found Coar's Gadget Shoppe.
  4982 | D        | Bought a pink potion for 21 gold pieces
  4982 | D        | Bought a potion of heal wounds for 120 gold pieces
  4982 | D        | Bought a scroll of identify for 48 gold pieces
  4982 | D        | Bought a scroll of identify for 48 gold pieces
  4983 | D        | Bought a sapphire potion for 20 gold pieces
  4983 | D        | Bought a scroll labeled LUPORO XECI for 23 gold pieces
  4994 | D        | Bought a scroll labeled VOBIFIVVOZ for 23 gold pieces
  5007 | D        | Bought a scroll of acquirement for 676 gold pieces
  5021 | D        | Bought a scroll of enchant weapon for 97 gold pieces
  5052 | D        | Bought a scroll of enchant weapon for 97 gold pieces
  5053 | D        | Bought a scroll of identify for 52 gold pieces
  5053 | D        | Bought a scroll labeled JAJ BIEZXITUI for 26 gold pieces
  5054 | D        | Bought a scroll of identify for 26 gold pieces
  5054 | D        | Bought a scroll of identify for 26 gold pieces
  5054 | D        | Bought a scroll of blinking for 97 gold pieces
  5060 | D        | Bought a heavily jewelled robe for 182 gold pieces
  5070 | D        | Identified the +2 robe "Lewnoth" {Int+2} (You bought it in
                  | a shop in the Dungeon)
  5126 | D        | Found Vuigg's General Store.
  5131 | D        | Found Igienn's Weapon Emporium.
  5131 | D        | Found Benwioth's Magic Scroll Shop.
  5132 | D        | Found Umuta's Antique Weapon Shop.
  5132 | D        | Found Ceal's Weapon Shoppe.
  5132 | D        | Found Toruhy's Jewellery Boutique.
  5132 | D        | Found Noheh's Assorted Antiques.
  5132 | D        | Found Ycwoone's Assorted Antiques.
  5132 | D        | Found Jusch's General Store.
  5132 | D        | Found Banips's Armour Boutique.
  5132 | D        | Found Zaabotal's Weapon Emporium.
  5132 | D        | Found Jolapn's Antique Weapon Shop.
  5132 | D        | Found Coar's Gadget Shoppe.
  5138 | D        | Bought a runed ring mail for 161 gold pieces
  5194 | D        | Found a stormy altar of Qazlal.
  5195 | D        | Found a hazy altar of Hepliaklqana.
  5195 | D        | Found a sacrificial altar of Ru.
  5195 | D        | Found an ornate altar of the Wu Jian Council.
  5196 | D        | Found a roughly hewn altar of Beogh.
  5196 | D        | Found a viscous altar of Jiyva.
  5196 | D        | Found a deep blue altar of Sif Muna.
  5196 | D        | Found a shimmering altar of Xom.
  5197 | D        | Found a snail-covered altar of Cheibriados.
  5197 | D        | Found an ancient bone altar of Kikubaaqudgha.
  5197 | D        | Found a bloodstained altar of Trog.
  5197 | D        | Found a glowing golden altar of the Shining One.
  5197 | D        | Found a basalt altar of Yredelemnul.
  5198 | D        | Found a shadowy altar of Dithmenos.
  5198 | D        | Found a corrupted altar of Lugonu.
  5199 | D        | Found a white marble altar of Elyvilon.
  5199 | D        | Found a burning altar of Makhleb.
  5200 | D        | Found a blossoming altar of Fedhas.
  5222 | D        | Found an opulent altar of Gozag.
  5246 | D        | Killed a kraken
  5397 | D        | Found a sparkling altar of Nemelex Xobeh.
  5397 | D        | Found a hide-covered altar of Uskayaw.
  5404 | D        | Found an iron altar of Okawaru.
  5404 | D        | Found a radiant altar of Vehumet.
  5404 | D        | Found a glowing silver altar of Zin.
  5415 | D        | Noticed a sphinx
  5415 | D        | Noticed a sphinx
  5418 | D        | Killed a sphinx
  5418 | D        | Reached XP level 13. HP: 84/114 MP: 12/12
  5419 | D        | Paralysed by a sphinx for 2 turns
  5423 | D        | Killed a sphinx
  5598 | D        | Gained mutation: You do not regenerate when monsters are
                  | visible. [a shining eye]
  5603 | D        | Reached skill level 21 in Long Blades
  5717 | D        | Got a slimy plate armour
  5720 | D        | Identified Ugragecs's Volume of Displacement and Battle
                  | Magic
  5735 | D        | Lost mutation: You are frail. (-10% HP) [potion of
                  | mutation]
  5735 | D        | Lost mutation: Armour fits poorly on your strangely shaped
                  | body. [potion of mutation]
  5735 | D        | Gained mutation: You are partially covered in slimy green
                  | scales. (AC +2) [potion of mutation]
  5735 | D        | Gained mutation: You can translocate small distances at
                  | will. [potion of mutation]
  5735 | D        | Gained mutation: You expend magic power (3 MP) to
                  | strengthen your wands. [potion of mutation]
  5736 | D        | Lost mutation: Your spells are easier to cast, but less
                  | powerful. [potion of mutation]
  5736 | D        | Gained mutation: Your mind is acute. (Int +2) [potion of
                  | mutation]
  5736 | D        | Gained mutation: Your muscles are strong. (Str +2) [potion
                  | of mutation]
  5737 | D        | Lost mutation: You are clumsy. (Dex -2) [potion of
                  | mutation]
  5737 | D        | Lost mutation: You expend magic power (3 MP) to strengthen
                  | your wands. [potion of mutation]
  5737 | D        | Lost mutation: Your mind is acute. (Int +2) [potion of
                  | mutation]
  5737 | D        | Gained mutation: You are agile. (Dex +2) [potion of
                  | mutation]
  5737 | D        | Gained mutation: You are partially covered in large bone
                  | plates. (SH +4) [potion of mutation]
  5748 | D        | Identified the +13 plate armour of the Armoured One {rElec
                  | Int+5 Slay-6} (You found it in the Dungeon)
  5850 | D        | Noticed an electric golem
  5877 | D        | Killed an electric golem
  6037 | D        | Noticed Gloorx Vloq
  6037 | D        | Noticed a greater mummy
  6037 | D        | Noticed a curse toe
  6037 | D        | Noticed a vampire knight
  6039 | D        | Noticed an Executioner
  6039 | D        | Noticed an Executioner
  6039 | D        | Noticed an Executioner
  6039 | D        | Noticed an Executioner
  6048 | D        | Succumbed to poison (dark miasma)

Skill      XL: |  1  2  3  4  5  6  7  8  9 10 11 12 13 |
---------------+----------------------------------------+-----
Long Blades    | 3 6 7 9 10 11 12 15 16 18 20 21 | 21.8
Dodging        | 2 4 6 7 9 10 11 13 15 17 19 20 | 20.2
Fighting       | 4 5 6 7 9 10 11 12 14 15 16 | 16.7
Armour         | 4 5 6 7 9 11 12 14 15 16 | 16.6
Shields        | 4 5 6 7 8 9 10 11 12 14 15 16 | 16.4

Action                   |  1- 3 |  4- 6 |  7- 9 | 10-12 | 13-15 || total
-------------------------+-------+-------+-------+-------+-------++-------
Melee: Long sword        |    10 |    34 |   112 |   221 |       ||   377
       Headbutt          |     6 |     6 |    25 |   102 |    16 ||   155
       Triple sword      |       |       |       |    12 |    55 ||    67
Invok: Potion Petition   |       |       |     1 |     6 |       ||     7
       Call Merchant     |       |       |       |     1 |       ||     1
  Use: Potion            |       |       |     4 |     6 |     5 ||    15
       Scroll            |       |       |       |    13 |       ||    13
 Stab: Distracted        |       |       |       |     4 |       ||     4
  Eat: Ration            |       |       |     1 |     3 |     1 ||     5
Armor: Scale mail        |     2 |     6 |    27 |    21 |       ||    56
       Ring mail         |       |       |       |     4 |    14 ||    18
       Plate armour      |       |       |       |       |    16 ||    16
Dodge: Dodged            |     2 |    10 |    83 |   119 |    60 ||   274
Block: Shield            |     3 |    12 |    91 |   148 |       ||   254
       Reflection        |       |       |     3 |    11 |       ||    14
       Other             |       |       |       |       |    13 ||    13
       Rpst.: Long sword |     1 |     3 |    15 |    20 |       ||    39
       Triple sword      |       |       |       |     3 |     7 ||    10
